 Dungeon Crawl Stone Soup version 0.27.1-1-g398f81649c (webtiles) character file.

Game seed: 18400097122738552857

254 Crownlay the Chopper (level 6, -3/51 HPs)
             Began as a Hill Orc Fighter on Sept 11, 2021.
             Slain by a gnoll (5 damage)
             ... on level 4 of the Dungeon.
             The game lasted 00:03:38 (3415 turns).

Crownlay the Chopper (Hill Orc Fighter)             Turns: 3415, Time: 00:03:39

Health: -3/51      AC:  6    Str: 21    XL:     6   Next: 14%
Magic:  6/6        EV:  9    Int:  8    God:
Gold:   181        SH:  0    Dex: 10    Spells: 5/5 levels left

rFire    . . .     SeeInvis .   a - +0 war axe
rCold    . . .     Faith    .   (no shield)
rNeg     . . .     Spirit   .   b - +0 scale mail
rPois    .         Reflect  .   (no helmet)
rElec    .         Harm     .   (no cloak)
rCorr    .         Rampage  .   (no gloves)
Will     .....                  (no boots)
Stlth    ..........             (no amulet)
HPRegen  0.17/turn              q - ring of flight
MPRegen  0.10/turn              (no ring)

@: flying
A: no striking features
a: no special abilities


You were on level 4 of the Dungeon.
You visited 1 branch of the dungeon, and saw 4 of its levels.

You collected 181 gold pieces.

Inventory:

Hand Weapons
 a - a +0 war axe (weapon)
Missiles
 l - 4 boomerangs of dispersal (quivered)
Armour
 b - a +0 scale mail (worn)
 c - a +0 kite shield
Jewellery
 q - a ring of flight (left hand)
Wands
 u - a wand of paralysis (10)
Scrolls
 g - a scroll of immolation {unknown}
 h - a scroll of vulnerability {unknown}
 i - 6 scrolls of identify {unknown}
 j - 3 scrolls of amnesia {unknown}
 k - a scroll of fog {unknown}
 n - a scroll of teleportation {unknown}
 o - a scroll of magic mapping {unknown}
 r - a scroll of silence {unknown}
 s - 2 scrolls of blinking {unknown}
Potions
 d - 2 potions of might
 e - a potion of brilliance {unknown}
 f - 2 potions of curing {unknown}
 m - a potion of invisibility {unknown}
 p - a potion of magic {unknown}
 t - a potion of haste {unknown}
 v - a potion of heal wounds {unknown}


   Skills:
 - Level 3.6 Fighting
 + Level 6.1 Axes
 * Level 3.6 Throwing
 - Level 3.2 Armour
 - Level 3.2 Shields


You had 5 spell levels left.
You didn't know any spells.
Your spell library contained the following spells:

 Spells                   Type           Power      Damage    Failure   Level
 Freeze                   Ice            0%         1d3       75%         1
 Sandblast                Erth           0%         2d4       75%         1
 Passwall                 Tmut/Erth      0%         N/A       87%         2
 Call Canine Familiar     Summ           0%         N/A       98%         3
 Frozen Ramparts          Ice            0%         1d2       98%         3
 Portal Projectile        Hex/Tloc       0%         N/A       98%         3
 Hailstorm                Conj/Ice       0%         3d3       100%        4
 Leda's Liquefaction      Hex/Erth       0%         N/A       100%        4
 Lee's Rapid Deconstruct  Erth           0%         3d5*      100%        5


Dungeon Overview and Level Annotations

Branches:
Dungeon (4/15)
 Temple: D:4-7

Altars:


Message History

You closely miss the gnoll.
The gnoll is lightly wounded.
You hit the gnoll. The gnoll misses you. The gnoll barely misses you.
You barely miss the gnoll.
The gnoll is moderately wounded.
You slash the gnoll! The gnoll hits you with a +0 flail.
The gnoll hits you with a +0 whip.
You slash the gnoll!
You kill the gnoll!
You hit the gnoll but do no damage. The gnoll hits you with a +0 flail.
You hit the gnoll.
The gnoll is heavily wounded.
The gnoll hits you with a +0 flail.
You closely miss the gnoll.
The gnoll is heavily wounded.
The gnoll closely misses you. The gnoll hits you with a +0 flail!
You are too injured to fight recklessly!
You are too injured to fight recklessly!
You are too injured to fight recklessly!
You are too injured to fight recklessly!
You hit the gnoll.
The gnoll is heavily wounded.
The gnoll barely misses you.
You closely miss the gnoll.
The gnoll is heavily wounded.
The gnoll hits you with a +0 flail.
You hit the gnoll but do no damage.
The gnoll is heavily wounded.
The gnoll hits you with a +0 flail.
* * * LOW HITPOINT WARNING * * *
You closely miss the gnoll.
The gnoll is heavily wounded.
The gnoll hits you with a +0 flail!
* * * LOW HITPOINT WARNING * * *
You barely miss the gnoll.
The gnoll is heavily wounded.
The gnoll hits you with a +0 flail.
* * * LOW HITPOINT WARNING * * *
The gnoll hits you with a +0 flail.
You die...

###########
#.# #.#
######.##
#.......#
#.####..#
#..# #..#
##..# #@..#
#.g)...#
#..........
.......###.#
######.## #
#.# #'# ..


You could see a gnoll.

Vanquished Creatures
  An iguana (D:4)
  Natasha (thrice) (D:2)
  5 gnolls
  4 adders
  2 worms
  2 dart slugs (D:4)
  An orc (D:3)
  7 ball pythons
  4 endoplasms
  3 giant cockroaches
  3 goblins
  4 hobgoblins
  5 jackals
  4 kobolds
  3 quokkas
  4 bats (D:2)
  2 frilled lizards
  11 rats
68 creatures vanquished.

Notes
Turn   | Place    | Note
-------+----------+-------------------------------------------
     0 | D:1      | Crownlay the Hill Orc Fighter began the quest for the Orb.
     0 | D:1      | Reached XP level 1. HP: 19/19 MP: 1/1
    36 | D:1      | Reached skill level 3 in Axes
    69 | D:1      | Reached XP level 2. HP: 26/26 MP: 2/2
   195 | D:1      | Reached skill level 4 in Axes
   337 | D:1      | Found a faded altar of an unknown god.
   483 | D:2      | Reached XP level 3. HP: 30/31 MP: 3/3
   609 | D:2      | Reached skill level 1 in Throwing
   617 | D:2      | Reached skill level 5 in Axes
   617 | D:2      | Reached XP level 4. HP: 12/39 MP: 4/4
   938 | D:2      | Noticed Natasha
   946 | D:2      | Killed Natasha
  1299 | D:2      | Noticed Natasha
  1308 | D:2      | Killed Natasha
  1309 | D:2      | Reached XP level 5. HP: 12/45 MP: 5/5
  1718 | D:2      | Noticed Natasha
  1726 | D:2      | Killed Natasha
  3054 | D:4      | Reached skill level 6 in Axes
  3194 | D:4      | Reached XP level 6. HP: 49/51 MP: 6/6
  3415 | D:4      | HP: 2/51 [gnoll (5)]
  3415 | D:4      | Slain by a gnoll

Illustrated notes

Levels and vault maps discovered:
D:1:      lemuel_arrival_behind_the_door_large, layout_rooms,
          shapermc_ecumenical_altar_notcrosses, minmay_cut_off
D:2:      layout_rooms, uniq_natasha
D:3:      layout_basic, hangedman_decor_riveting, kennysheep_donut
D:4:      layout_loops_corners

Skill      XL: |  1  2  3  4  5 |
---------------+----------------+-----
Axes           | 3 4 5 6 |  6.1
Throwing       | 1 2 3 |  3.6
Fighting       | |  3.6
Armour         | |  3.2
Shields        | |  3.2

Action                   |  1- 3 |  4- 6 || total
-------------------------+-------+-------++-------
Melee: War axe           |    64 |   117 ||   181
Armor: Scale mail        |    30 |    51 ||    81
Dodge: Dodged            |    43 |    72 ||   115
